 Dungeon Crawl Stone Soup version 0.30.1-4-g462c640d31 (webtiles) character file.

Game seed: 11076563418314730658

60 leafyfresh the Changer (level 4, -3/28 HPs)
             Began as an Octopode Transmuter on Sept 14, 2023.
             Slain by a phantom (5 damage)
             ... on level 3 of the Dungeon.
             The game lasted 00:03:40 (1885 turns).

leafyfresh the Changer (Octopode Transmuter)        Turns: 1885, Time: 00:03:41

Health: -3/28      AC:  2    Str:  9    XL:     4   Next: 4%
Magic:  3/7        EV: 19    Int: 15    God:
Gold:   174        SH:  0    Dex: 19    Spells: 3/7 levels left

rFire   + . .        d - melded +0 short sword
rCold   + . .        (shield currently unavailable)
rNeg    . . .        (helmet currently unavailable)
rPois   .            (no amulet)
rElec   +            f - ring of poison resistance
rCorr   +            j - ring of flight
SInv    .            (no ring)
Will    .....        (no ring)
Stlth   ++           (no ring)
HPRegen 0.24/turn    (no ring)
MPRegen 0.10/turn    (no ring)
                     (no ring)

%: no passive effects
@: spider-form, resistant, flying
A: venomous fangs, almost no armour, (amphibious), 8 rings, tiny, (camouflage
1), (gelatinous body 1), (nimble swimmer 1), (tentacles)
a: End Transformation


You were on level 3 of the Dungeon.
You were a venomous arachnid creature.
You visited 1 branch of the dungeon, and saw 3 of its levels.

You collected 174 gold pieces.

Inventory:

Hand Weapons
 d - a +0 short sword (melded)
Jewellery
 f - a ring of poison resistance (left front pincers)
 j - a ring of flight (right front pincers)
Scrolls
 b - 10 scrolls of identify {unknown}
 e - 2 scrolls of enchant armour {unknown}
 h - a scroll of enchant weapon {unknown}
 l - a scroll of poison {unknown}
 m - a scroll of immolation {unknown}
 n - a scroll of noise {unknown}
Potions
 a - 3 potions of lignification
 c - a potion of invisibility {unknown}
 g - 2 potions of resistance
 i - a potion of curing {unknown}
 k - a potion of flight {unknown}


   Skills:
 - Level 1.0 Fighting
 - Level 2.0 Dodging
 - Level 3.0 Unarmed Combat
 - Level 2.0 Spellcasting
 + Level 4.2 Transmutations


You had 3 spell levels left.
You knew the following spells:

 Your Spells              Type           Power      Damage    Failure   Level
a - Beastly Appendage     Tmut           28%        N/A       13%         1
b - Spider Form           Tmut/Pois      7%         N/A       50%         3

Your spell library contained the following spells:

 Spells                   Type           Power      Damage    Failure   Level
 Wereblood                Tmut           14%        N/A       17%         2
 Slow                     Hex            4%         N/A       43%         1
 Ensorcelled Hibernation  Hex/Ice        2%         N/A       54%         2
 Confusing Touch          Hex            1%         N/A       75%         3
 Stone Arrow              Conj/Erth      2%         3d7       75%         3
 Vampiric Draining        Necr           1%         2d6       75%         3
 Ice Form                 Ice/Tmut       7%         N/A       85%         4
 Anguish                  Hex/Necr       0%         N/A       98%         4
 Lehudib's Crystal Spear  Conj/Erth      0%         10d2      100%        8
 Animate Armour           Summ/Erth      Unusable   N/A       N/A         4

Dungeon Overview and Level Annotations

Branches:
Dungeon (3/15)

Altars:
Okawaru
Wu Jian


Innate Abilities, Weirdness & Mutations

You are a venomous arachnid creature.
You have venomous fangs.
You are tiny and dextrous.
Your spellcasting is less reliable in this form.
Your armour is entirely melded.
You are incapable of wielding weapons or throwing items.
You cannot wear most types of armour.
((You are amphibious.))
You can wear up to eight rings at the same time.
((Your skin changes colour to match your surroundings (Stealth+).))
((Your rubbery body absorbs attacks. (AC +1, EV +1)))
((You are camouflaged when in or above water. (Stealth+)))
((You have tentacles for arms and can constrict up to eight enemies at once.))


Message History

You hit the phantom but do no damage. You squeeze the phantom.
The phantom is severely damaged.
The phantom hits you!
* * * LOW HITPOINT WARNING * * *
The phantom blinks!
You blink.
Casting: Spider Form (extremely dangerous; 28% risk of failure)
Confirm with . or Enter, or press ? or * to list all spells.
The spell is extremely dangerous to miscast (28% risk of failure)!
Continue anyway?
You turn into a venomous arachnid creature.
Your +0 short sword melds into your body.
The phantom closely misses you.
You hit the phantom but do no damage.
The phantom is heavily damaged.
The phantom misses you.
You completely miss the phantom.
The phantom is heavily damaged.
The phantom hits you but does no damage.
You hit the phantom.
The phantom is severely damaged.
The phantom hits you.
* * * LOW HITPOINT WARNING * * *
The phantom blinks!
You blink.
The phantom barely misses you.
You hit the phantom.
The phantom is almost destroyed.
The phantom hits you.
* * * LOW HITPOINT WARNING * * *
You barely miss the phantom.
The phantom is almost destroyed.
The phantom completely misses you.
You hit the phantom but do no damage.
The phantom is almost destroyed.
The phantom completely misses you.
It was a potion of resistance.
You feel protected. The phantom closely misses you.
You closely miss the phantom.
The phantom is almost destroyed.
The phantom hits you.
You die...

..... .#+# .# .#
....... .......
....... #######
....... ###...W.###
.......
##....s....#
.......
#..♣.....♣..#
........ #..♣.._..♣
# .....###..♣♣...♣♣
#......#...♣...♣ .
#......##..♣♣.♣♣..#
#.......#...♣♣♣...#
#.......##.......#
#.......###'...###


You could see a phantom.

Vanquished Creatures
  2 adders (D:3)
  A worm (D:3)
  A dart slug (D:1)
  5 ball pythons
  A bat (D:2)
  3 endoplasms
  2 giant cockroaches (D:1)
  4 goblins
  7 hobgoblins
  3 kobolds (D:1)
  2 frilled lizards
  2 rats
33 creatures vanquished.

Notes
Turn   | Place    | Note
-------+----------+-------------------------------------------
     0 | D:1      | leafyfresh the Octopode Transmuter began the quest for the
                  | Orb.
     0 | D:1      | Reached XP level 1. HP: 13/13 MP: 3/3
    47 | D:1      | Reached XP level 2. HP: 4/18 MP: 5/5
   428 | D:1      | Reached skill level 3 in Transmutations
   947 | D:2      | Reached XP level 3. HP: 23/23 MP: 6/6
  1656 | D:3      | Reached skill level 4 in Transmutations
  1670 | D:3      | Learned a level 3 spell: Spider Form
  1675 | D:3      | Found an iron altar of Okawaru.
  1705 | D:3      | Reached XP level 4. HP: 26/28 MP: 7/7
  1859 | D:3      | Noticed a phantom
  1860 | D:3      | Found an ornate altar of the Wu Jian Council.
  1879 | D:3      | HP: 1/28 [phantom (2)]
  1885 | D:3      | Slain by a phantom

Illustrated notes

Levels and vault maps discovered:
D:1:      dpeg_arrival_shrine, layout_loops_ring
D:2:      layout_basic
D:3:      layout_basic, okawaru_metal_pillars_1_2,
          mainiacjoe_overflow_two_lobes, serial_bayou_crossing

Skill      XL: |  1  2  3 |
---------------+----------+-----
Transmutations | 3 4 |  4.2
Fighting       | |  1.0
Dodging        | |  2.0
Unarmed Combat | |  3.0
Spellcasting   | |  2.0

Action                     |  1- 3 |  4- 6 || total
---------------------------+-------+-------++-------
  Melee: Unarmed           |    19 |    18 ||    37
         Constrict         |    18 |       ||    18
         Tentacles         |    12 |     2 ||    14
         Kick              |     3 |       ||     3
         Short sword       |    43 |     6 ||    49
         Punch             |     5 |       ||     5
   Cast: Beastly Appendage |     4 |       ||     4
         Spider Form       |       |     2 ||     2
    Use: Potion            |       |     1 ||     1
   Stab: Sleeping          |     8 |       ||     8
 Armour: Skin              |     2 |     2 ||     4
  Dodge: Dodged            |    28 |    14 ||    42
